 Dungeon Crawl Stone Soup version 0.22.1-2-g9c5b331383 (webtiles) character file.

20065 Gargoyl the Protected (level 12, -2/104 HPs)
             Began as a Centaur Abyssal Knight on Dec 3, 2018.
             Was a High Priest of Lugonu.
             Splashed by an oklob plant's acid (11 damage)
             ... on level 4 of the Lair of Beasts.
             The game lasted 00:29:08 (16932 turns).

Gargoyl the Protected (Centaur Abyssal Knight)     Turns: 16932, Time: 00:29:09

Health: -2/104     AC: 14    Str: 24    XL:     12   Next: 42%
Magic:  18/20      EV:  6    Int: 11    God:    Lugonu [*****.]
Gold:   317        SH: 12    Dex: 10    Spells: 11/11 levels left

rFire    . . .     SeeInvis .   G - +3 hand axe (drain)
rCold    . . .     Gourm    .   y - +2 buckler {AC+3}
rNeg     . . .     Faith    .   p - +0 plate armour
rPois    .         Spirit   .   o - +0 helmet
rElec    .         Reflect  +   (no cloak)
rCorr    .         Harm     .   e - +0 pair of gloves
MR       +....                  (no barding)
Stlth    ..........             N - +6 amulet of reflection
HPRegen  0.27/turn              g - +3 ring of strength
MPRegen  0.17/turn              C - ring of protection from magic

@: corroded, very quick
A: large, claws 1, hooves 3, deformed body, speed 2, high mp 1, strong 1, tough
skin 3, evolution 1
a: Depart the Abyss, Bend Space, Banish, Corrupt, Enter the Abyss, Renounce
Religion


You were on level 4 of the Lair of Beasts.
You worshipped Lugonu.
Lugonu was extremely pleased with you.
You were not hungry.

You visited 2 branches of the dungeon, and saw 12 of its levels.
You visited the Abyss 1 time.
You also visited: Labyrinth, Sewer and Ossuary.

You collected 534 gold pieces.
You spent 217 gold pieces at shops.

Inventory:

Hand Weapons
 a - a +2 hand axe
 d - the +2 spear "Ufai" {freeze, rElec Dex+4}
   (You found it on level 2 of the Abyss)

   It has been specially enchanted to freeze those struck by it, causing extra
   injury to most foes and up to half again as much damage against particularly
   susceptible opponents.
   It can also slow down cold-blooded creatures.
   It affects your dexterity (+4).
   It insulates you from electricity.
 G - a +3 hand axe of draining (weapon)
 H - a +7 war axe
Armour
 e - a +0 pair of gloves (worn)
 o - a +0 helmet (worn)
 p - a +0 plate armour (worn)
 y - a +2 buckler of protection (worn)
Jewellery
 g - a +3 ring of strength (left hand)
 l - an uncursed ring of protection from cold
 C - a ring of protection from magic (right hand)
 E - the cursed ring "Cicizeoc" {rElec MP+9 AC-6 Str-4 Dex+2, unknown}
   (You took it off a minotaur in a labyrinth)

   [ring of protection]

   It affects your AC (-6).
   It affects your strength (-4).
   It affects your dexterity (+2).
   It insulates you from electricity.
   It affects your magic capacity (+9).
   It has a curse placed upon it.
 I - an uncursed ring of resist corrosion
 N - a +6 amulet of reflection (around neck)
Wands
 n - a wand of paralysis (57)
 v - a wand of clouds (4)
 J - a wand of flame (59)
 M - a wand of acid (4)
 O - a wand of digging (11)
Scrolls
 b - 3 scrolls of identify
 i - 5 scrolls of blinking
 j - 14 scrolls of teleportation
 r - 4 scrolls of remove curse
 u - 3 scrolls of fear
 w - a scroll of amnesia
 D - 2 scrolls of fog
 L - a scroll of enchant armour {unknown}
Potions
 f - 4 potions of lignification
 h - 5 potions of haste
 k - 12 potions of heal wounds
 m - 4 potions of magic
 q - a potion of resistance
 s - 3 potions of flight
 t - 2 potions of brilliance
 x - a potion of curing
 z - 2 potions of invisibility
 A - 2 potions of ambrosia
 B - a potion of might
 F - 2 potions of cancellation
 K - 2 potions of berserk rage {unknown}
Comestibles
 c - 22 rations


   Skills:
 + Level 9.3 Fighting
 + Level 8.6(9.2) Axes
 + Level 5.2(7.6) Polearms
 * Level 9.6 Armour
 + Level 2.2 Dodging
 + Level 2.9 Shields
 * Level 9.1 Invocations
 + Level 0.8 Evocations


You had 11 spell levels left.
You didn't know any spells.
Your spell library contained the following spells:

 Spells                   Type           Power        Failure   Level  Hunger
 Beastly Appendage        Tmut           #.....       99%         1    ##.....
 Confusing Touch          Hex            #.....       99%         1    ##.....
 Magic Dart               Conj           #...         99%         1    ##.....
 Blink                    Tloc           N/A          99%         2    ###....
 Call Imp                 Summ           #.......     99%         2    ###....
 Slow                     Hex            #.......     99%         2    ###....
 Sticks to Snakes         Tmut           #.......     99%         2    ###....
 Confuse                  Hex            #.......     100%        3    ####...
 Conjure Flame            Conj/Fire      #.......     100%        3    ####...
 Gell's Gravitas          Tloc           #.........   100%        3    ####...
 Mephitic Cloud           Conj/Pois/Air  #.......     100%        3    ####...
 Spider Form              Tmut/Pois      #.........   100%        3    ####...
 Ice Form                 Ice/Tmut       #.......     100%        4    #####..
 Petrify                  Tmut/Erth      #.......     100%        4    #####..
 Blade Hands              Tmut           #.........   100%        5    ######.
 Irradiate                Conj/Tmut      #.........   100%        5    ######.
 Metabolic Englaciation   Hex/Ice        #.........   100%        5    ######.
 Yara's Violent Unravell  Hex/Tmut       #.........   100%        5    ######.
 Hydra Form               Tmut           #.........   100%        6    #######
 Statue Form              Tmut/Erth      #........    100%        6    #######
 Dragon Form              Tmut           #.........   100%        7    #######


Dungeon Overview and Level Annotations

Branches:
Dungeon (8/15)             Temple (0/1) D:5            Lair (4/6) D:8
  Swamp (0/4) Lair:4       Spider (0/4) Lair:3

Altars:
Dithmenos
Fedhas
Gozag
Hepliaklqana
Makhleb
Nemelex Xobeh
Okawaru
Qazlal
Ru
Yredelemnul
Zin

Shops:
D:5 [?[

Annotations:
D:7 2 transporters, flt's ghost, novice TrWr
Lair:4 exclusion: oklob plant


Innate Abilities, Weirdness & Mutations

You have hooves in place of feet.
Armour fits poorly on your strangely shaped body.
You cover ground very quickly.
You have extremely tough skin. (AC +3)
You have sharp fingernails.
You have an increased reservoir of magic. (+10% MP)
Your muscles are strong. (Str +2)
You evolve.


Message History

* * * LOW HITPOINT WARNING * * *
You slash the death yak! You drain the death yak! You kick the death yak!
The death yak is moderately wounded.
You slash the death yak! You kick the death yak!
The death yak is heavily wounded.
The death yak closely misses you.
You completely miss the death yak.
The death yak is heavily wounded.
The death yak gores you!
* * * LOW HITPOINT WARNING * * *
Space bends sharply around you!
You blink.
The death yak gores you.
* * * LOW HITPOINT WARNING * * *
You block the death yak's attack. Space bends sharply around you!
The death yak blinks! x2; You blink.
Really walk into a travel-excluded area?
The oklob plant spits acid at you. The splash of acid hits you!
* * * LOW HITPOINT WARNING * * *
The acid corrodes you!
You are splashed with acid!
The acid burns!
You die...

*****#P_P........##
##...#*#P.........###
#P...###..........P##
*#.....#...P..........
*,........P.......#...
*##.......##.##.######
*P.......P###### #
**#.......# ##### ##*
*#@....#* #.#.##
#####.* ##.....#
##....
##.....####....?##
###.....
*#.......#.#Y#..##
#.......
**........##†l####
#.......
**,....Y.....§.#
#.......
**,,..........§##
##.......
,,,,.....Y....#.######
#........
*,,,.......#.####....#
##.......


You could see a death yak, an oklob plant and a komodo dragon.

Vanquished Creatures
  A minotaur (Lab)
  Erica (Lair:1)
  7 death yaks
  A glowing orange brain (Abyss:2)
  Pikel (D:5)
  3 black mambas
  4 spiny frogs
  3 komodo dragons
  A rime drake (Lair:2)
  A demonic crawler (Lair:3)
  Grinder (D:5)
  Prince Ribbit (D:6)
  6 hippogriffs
  Sigmund (D:5)
  15 yaks
  2 wyverns
  Eustachio (D:4)
  A hungry ghost (D:7)
  2 basilisks
  Edmund (D:6)
  8 water moccasins
  7 porcupines
  2 ice beasts
  An orc warrior (D:8)
  2 slaves (D:5)
  A necrophage (D:5)
  3 ogres
  3 wolves (Lair:2)
  A centaur (D:8)
  4 crocodiles
  A big kobold (D:8)
  An elf zombie (Ossuary)
  10 bullfrogs
  2 scorpions (Lair:3)
  9 wights
  3 howler monkeys (D:7)
  2 crimson imps (D:7)
  3 centaur zombies (Ossuary)
  2 orc priests
  A hound (D:7)
  A jelly (D:6)
  3 orc wizards
  A centaur skeleton (D:4)
  An iguana (D:8)
  5 worker ants
  Ijyb (D:2)
  A killer bee zombie (D:5)
  2 ogre zombies (Ossuary)
  A hound zombie (D:5)
  A hound skeleton (D:8)
  7 mummies (Ossuary)
  2 worker ant zombies
  Robin (D:4)
  3 gnolls (D:3)
  12 adders
  7 river rats (Sewer)
  An ooze (Sewer)
  9 adder zombies
  An adder skeleton (D:8)
  9 worms
  2 dart slugs
  3 leopard geckos
  22 orcs
  5 bats
  7 giant cockroaches
  15 goblins
  15 hobgoblins
  3 jackals (D:4)
  3 quokkas
  18 ball pythons
  7 frilled lizards
  A gnoll zombie (Ossuary)
  6 goblin zombies (Ossuary)
  5 hobgoblin zombies (Ossuary)
  2 jackal skeletons (D:4)
  16 kobolds
  2 kobold zombies (Ossuary)
  A quokka zombie (Ossuary)
  30 rats
  3 rat zombies (Ossuary)
355 creatures vanquished.

Vanquished Creatures (others)
  A hydra (Lair:1)
  A slave (D:5)
  An adder (D:5)
  A giant cockroach (D:5)
  A quokka (D:5)
  A fungus (Lair:1)
  4 plants
10 creatures vanquished.

Grand Total: 365 creatures vanquished

Notes
Turn   | Place    | Note
-------+----------+-------------------------------------------
     0 | Abyss:1  | Gargoyl the Centaur Abyssal Knight began the quest for the
                  | Orb.
     0 | Abyss:1  | Reached XP level 1. HP: 19/19 MP: 2/2
    44 | Abyss:1  | Found a corrupted altar of Lugonu.
    70 | Abyss:2  | Noticed an orange demon
   102 | Abyss:2  | Gained mutation: You have an increased reservoir of magic.
                  | (+10% MP) [potion of mutation]
   102 | Abyss:2  | Gained mutation: You are clumsy. (Dex -2) [potion of
                  | mutation]
   102 | Abyss:2  | Gained mutation: You have a considerably increased
                  | reservoir of magic. (+20% MP) [potion of mutation]
   102 | Abyss:2  | Gained mutation: Your spells are a little harder to cast,
                  | but a little more powerful. [potion of mutation]
   110 | Abyss:2  | Found a corrupted altar of Lugonu.
   122 | Abyss:2  | Noticed a glowing orange brain
   135 | Abyss:2  | Killed a glowing orange brain
   135 | Abyss:2  | Reached XP level 2. HP: 30/30 MP: 5/5
   135 | Abyss:2  | Reached XP level 3. HP: 37/37 MP: 6/6
   135 | Abyss:2  | Reached XP level 4. HP: 44/44 MP: 7/7
   135 | Abyss:2  | Reached XP level 5. HP: 50/50 MP: 8/8
   135 | Abyss:2  | Reached XP level 6. HP: 57/57 MP: 9/9
   145 | Abyss:2  | Noticed an efreet
   166 | Abyss:2  | Noticed a large abomination
   189 | Abyss:2  | Noticed a large abomination
   192 | Abyss:2  | Got an ichor-stained spear
   195 | Abyss:2  | Noticed an ancient zyme
   200 | D:1      | Escaped the Abyss
   201 | D:1      | Identified the +2 spear "Ufai" {freeze, rElec Dex+4} (You
                  | found it on level 2 of the Abyss)
   480 | D:1      | Reached * piety under Lugonu
  1424 | D:2      | Reached XP level 7. HP: 62/63 MP: 11/11
  1534 | D:2      | Reached ** piety under Lugonu
  1849 | D:2      | Found an opulent altar of Gozag.
  1865 | D:3      | Noticed Ijyb
  1867 | D:3      | Found an iron altar of Okawaru.
  1870 | D:3      | Paralysed by Ijyb for 7 turns
  1880 | D:2      | Paralysed by Ijyb for 7 turns
  1889 | D:2      | Killed Ijyb
  1960 | D:3      | Lost mutation: You are clumsy. (Dex -2) [potion of
                  | mutation]
  1960 | D:3      | Lost mutation: Your spells are a little harder to cast, but
                  | a little more powerful. [potion of mutation]
  1960 | D:3      | Lost mutation: You have a considerably increased reservoir
                  | of magic. (+20% MP) [potion of mutation]
  1960 | D:3      | Gained mutation: You are clumsy. (Dex -2) [potion of
                  | mutation]
  1960 | D:3      | Gained mutation: You have sharp fingernails. [potion of
                  | mutation]
  1960 | D:3      | Gained mutation: You occasionally shout uncontrollably at
                  | your foes. [potion of mutation]
  1960 | D:3      | Gained mutation: You evolve. [potion of mutation]
  2226 | D:3      | Reached skill level 1 in Polearms
  2226 | D:3      | Reached skill level 1 in Dodging
  2527 | D:3      | Found a sacrificial altar of Ru.
  2736 | D:3      | You fall through a shaft for 2 floors!
  2736 | D:5      | Entered Level 5 of the Dungeon
  2811 | D:5      | Noticed Pikel
  2861 | D:5      | Killed Pikel
  2861 | D:5      | Reached XP level 8. HP: 19/71 MP: 10/12
  3119 | D:5      | Noticed Sigmund
  3157 | D:5      | Killed Sigmund
  3276 | D:5      | Noticed Grinder
  3287 | D:5      | Gained mutation: You rapidly evolve. [evolution]
  3291 | D:5      | Paralysed by Grinder for 3 turns
  3300 | D:5      | Killed Grinder
  3482 | D:5      | Found a staircase to the Ecumenical Temple.
  3566 | D:5      | Found Paskaxir's Antique Armour Emporium.
  3573 | D:5      | Found Hewn's Magic Scroll Boutique.
  3583 | D:5      | Bought a scroll of teleportation for 30 gold pieces
  3605 | D:5      | Found Dufi's Armour Boutique.
  4052 | D:4      | Reached *** piety under Lugonu
  4093 | D:3      | Reached skill level 5 in Invocations
  4102 | D:3      | Found a shadowy altar of Dithmenos.
  4415 | D:4      | Noticed Robin
  4465 | D:4      | Killed Robin
  4529 | D:4      | Found a sand-covered staircase.
  4534 | Ossuary  | Entered an ossuary
  4668 | Ossuary  | Reached XP level 9. HP: 77/79 MP: 14/14
  4781 | Ossuary  | Lost mutation: You occasionally shout uncontrollably at
                  | your foes. [evolution]
  4936 | Ossuary  | Reached **** piety under Lugonu
  5333 | D:4      | Found a sparkling altar of Nemelex Xobeh.
  5603 | D:4      | Noticed Eustachio
  5666 | D:4      | Killed Eustachio
  5666 | D:4      | Reached skill level 5 in Armour
  6575 | D:5      | Bought a glowing buckler for 187 gold pieces
  6695 | D:6      | Found a basalt altar of Yredelemnul.
  6696 | D:6      | Noticed Edmund
  6721 | D:6      | Killed Edmund
  6789 | D:6      | Found a glowing drain.
  6825 | Sewer    | Entered a sewer
  7060 | Sewer    | Reached skill level 5 in Polearms
  7242 | Sewer    | Reached ***** piety under Lugonu
  7463 | D:6      | Found Siddocs's Antique Weapon Shoppe.
  7714 | D:6      | Gained mutation: Your muscles are strong. (Str +2)
                  | [evolution]
  7758 | D:6      | Found a blossoming altar of Fedhas.
  8300 | D:6      | Noticed Prince Ribbit
  8325 | D:6      | Killed Prince Ribbit
  8593 | D:7      | Reached XP level 10. HP: 66/88 MP: 16/16
  8851 | D:7      | Found a transporter.
  8860 | D:7      | Noticed flt's ghost (novice TrWr)
  8909 | D:7      | Reached skill level 1 in Shields
  9037 | D:7      | Found a transporter.
  9227 | D:8      | Found a staircase to the Lair.
  9309 | D:8      | Found a stormy altar of Qazlal.
  9499 | D:8      | Found a blossoming altar of Fedhas.
  9785 | D:8      | Found a burning altar of Makhleb.
  9795 | D:8      | Reached skill level 5 in Axes
 10165 | D:8      | Found a hazy altar of Hepliaklqana.
 10567 | D:8      | Lost mutation: You are clumsy. (Dex -2) [evolution]
 10567 | D:8      | Lost mutation: You rapidly evolve. [decline of evolution]
 10737 | Lair:1   | Entered Level 1 of the Lair of Beasts
 10754 | Lair:1   | Noticed a black mamba
 10765 | Lair:1   | Killed a black mamba
 10935 | Lair:1   | Noticed a five-headed hydra
 10939 | Lair:1   | Banished a five-headed hydra
 11186 | Lair:1   | Noticed a spiny frog
 11204 | Lair:1   | Killed a spiny frog
 11247 | Lair:1   | Reached XP level 11. HP: 30/94 MP: 18/18
 11904 | Lair:1   | Noticed Erica
 11917 | Lair:1   | Killed Erica
 12802 | Lair:2   | Noticed a death yak
 12803 | Lair:2   | Noticed a death yak
 12803 | Lair:2   | Noticed a death yak
 12803 | Lair:2   | Noticed a death yak
 12803 | Lair:2   | Noticed a death yak
 12803 | Lair:2   | Noticed a death yak
 12842 | Lair:1   | Killed a death yak
 12977 | Lair:1   | Killed a death yak
 13098 | Lair:1   | Killed a death yak
 14557 | Lair:2   | Killed a death yak
 14568 | Lair:2   | Killed a death yak
 14604 | Lair:2   | Killed a death yak
 14604 | Lair:2   | Reached XP level 12. HP: 59/103 MP: 20/20
 15082 | Lair:3   | Found a glowing silver altar of Zin.
 15123 | Lair:3   | Found a hole to the Spider Nest.
 16077 | Lair:4   | Found a labyrinth entrance.
 16089 | Lab      | Entered a labyrinth
 16282 | Lab      | Noticed a minotaur
 16290 | Lab      | Killed a minotaur
 16292 | Lab      | Got a scintillating lead ring
 16458 | Lair:4   | Found a stormy altar of Qazlal.
 16860 | Lair:4   | Noticed a death yak
 16861 | Lair:4   | Noticed a death yak
 16862 | Lair:4   | Noticed a death yak
 16862 | Lair:4   | Noticed a death yak
 16910 | Lair:4   | Killed a death yak
 16932 | Lair:4   | Splashed by an oklob plant's acid

Skill      XL: |  1  2  3  4  5  6  7  8  9 10 11 12 |
---------------+-------------------------------------+-----
Fighting       | 6 7 8 9 |  9.3
Axes           | 3 4 6 8 |  8.6
Armour         | 2 3 4 6 7 9 |  9.6
Invocations    | 3 4 5 6 7 8 9 |  9.1
Polearms       | 2 4 5 |  5.2
Dodging        | 1 2 |  2.2
Shields        | 1 2 |  2.9
Evocations     | |  0.8

Action                   |  1- 3 |  4- 6 |  7- 9 | 10-12 || total
-------------------------+-------+-------+-------+-------++-------
Melee: Hand axe          |    12 |       |    72 |   442 ||   526
       Kick              |     3 |    25 |   171 |   172 ||   371
       Spear             |       |    95 |   571 |       ||   666
       War axe           |       |       |    31 |   103 ||   134
Invok: Depart the Abyss  |       |     1 |       |       ||     1
       Banish            |       |       |       |     3 ||     3
       Bend Space        |       |       |       |     2 ||     2
Evoke: Wand              |       |       |     8 |     3 ||    11
  Use: Scroll            |     1 |     3 |    18 |    11 ||    33
       Potion            |     1 |       |     4 |     3 ||     8
 Stab: Paralysed         |       |       |     2 |       ||     2
       Confused          |       |       |       |     4 ||     4
  Eat: Chunk             |       |       |    17 |    11 ||    28
       Ration            |       |       |     1 |     5 ||     6
Armor: Ring mail         |       |    27 |    25 |       ||    52
       Leather armour    |       |    20 |       |       ||    20
       Plate armour      |       |       |   517 |   293 ||   810
Dodge: Dodged            |       |    51 |   145 |   105 ||   301
Block: Buckler           |       |       |    65 |   137 ||   202
